 Dungeon Crawl Stone Soup version 0.23.2-1-ga50397a6bc (webtiles) character file.

Game seed: 17490287553408331699

121 Gordogan the Grave Robber (level 5, -1/40 HPs)
             Began as a Gnoll Wanderer on May 2, 2019.
             Slain by a worm (6 damage)
             ... on level 3 of the Dungeon on May 3, 2019.
             The game lasted 00:34:33 (2165 turns).

Gordogan the Grave Robber (Gnoll Wanderer)          Turns: 2165, Time: 00:34:34

Health: -1/40      AC:  8    Str: 14    XL:     5   Next: 5%
Magic:  7/7        EV:  6    Int: 12    God:
Gold:   115        SH:  0    Dex: 15    Spells: 6/6 levels left

rFire    . . .     SeeInvis .   a - staff of poison
rCold    . . .     Gourm    .   (no shield)
rNeg     . . .     Faith    .   h - +0 chain mail
rPois    +         Spirit   .   (no helmet)
rElec    .         Reflect  .   (no cloak)
rCorr    .         Harm     .   (no gloves)
MR       .....                  (no boots)
Stlth    ..........             (no amulet)
HPRegen  0.13/turn              p - -3 ring of intelligence (curse)
MPRegen  0.10/turn              (no ring)

@: heavily drained
A: distributed training, fangs 1, strong nose
a: no special abilities


You were on level 3 of the Dungeon.
You were not hungry.

You visited 1 branch of the dungeon, and saw 3 of its levels.

You collected 115 gold pieces.

Inventory:

Hand Weapons
 b - a +4 dagger of draining
 q - a +0 hunting sling
 r - a +2 hand crossbow
 u - a +0 hunting sling
Missiles
 c - 53 sling bullets
 e - 130 stones
 l - 33 bolts (quivered)
 n - 6 needles of paralysis
 v - 12 arrows
Armour
 h - a +0 chain mail (worn)
Magical Staves
 a - an uncursed staff of poison (weapon)
Jewellery
 p - a cursed -3 ring of intelligence (left hand)
Scrolls
 d - a scroll of teleportation {unknown}
 i - a scroll of amnesia {unknown}
 k - a scroll of identify
 o - a scroll of fear {unknown}
 s - a scroll of remove curse {unknown}
 w - a scroll of fog {unknown}
Potions
 j - 3 potions of curing
 m - a potion of brilliance
 t - a potion of resistance {unknown}
Comestibles
 f - 2 rations
 g - 4 chunks of flesh


   Skills:
 + Level 2.8(1.6) Fighting
 + Level 1.3(0.1) Short Blades
 + Level 1.3(0.1) Long Blades
 + Level 1.3(0.1) Axes
 + Level 1.3(0.1) Maces & Flails
 + Level 1.3(0.1) Polearms
 + Level 1.3(0.1) Staves
 + Level 1.3(0.1) Slings
 + Level 1.3(0.1) Bows
 + Level 2.8(1.6) Crossbows
 + Level 2.8(1.6) Throwing
 + Level 2.8(1.6) Armour
 + Level 1.3(0.1) Dodging
 + Level 1.3(0.1) Stealth
 + Level 1.3(0.1) Shields
 + Level 1.3(0.1) Unarmed Combat
 + Level 1.3(0.1) Spellcasting
 + Level 3.9(2.6) Conjurations
 + Level 1.0(0.0) Hexes
 + Level 1.0(0.0) Charms
 + Level 1.0(0.0) Summonings
 + Level 5.5(4.2) Necromancy
 + Level 1.0(0.0) Translocations
 + Level 1.0(0.0) Transmutations
 + Level 1.0(0.0) Fire Magic
 + Level 1.0(0.0) Ice Magic
 + Level 1.0(0.0) Air Magic
 + Level 1.0(0.0) Earth Magic
 + Level 1.0(0.0) Poison Magic
 + Level 1.4(0.3) Invocations
 + Level 2.8(1.6) Evocations


You had 6 spell levels left.
You didn't know any spells.
Your spell library contained the following spells:

 Spells                   Type           Power        Failure   Level  Hunger
 Corpse Rot               Necr           N/A          93%         2    ###....
 Sublimation of Blood     Necr           ##........   93%         2    ###....


Dungeon Overview and Level Annotations

Branches:
Dungeon (3/15)

Altars:
Gozag
Uskayaw
Zin


Innate Abilities, Weirdness & Mutations

Your experience applies equally to all skills.
You have very sharp teeth.
Your uncanny sense of smell can sniff out nearby items.


Message History

The orc is severely wounded.
The orc hits you with a +0 hand axe.
* * * LOW HITPOINT WARNING * * *
The orc barely misses you. The worm barely misses you.
You closely miss the orc. Your bite misses the orc.
The orc is severely wounded.
The orc barely misses you. The dart slug barely misses you.
The orc closely misses you. x2
You hit the orc but do no damage.
The orc is severely wounded.
The dart slug bites you but does no damage.
The orc barely misses you. The worm bites you but does no damage.
The orc hits you with a +0 hand axe.
* * * LOW HITPOINT WARNING * * *
You hit the orc.
You kill the orc!
The orc completely misses you.
The dart slug bites you but does no damage.
The worm bites you.
You die...

######### #.......# .
#.......# #########.
#....w..# ##.....#.(.
#...@)..###?.........
#####w.###....^......
#.o###...........
#...?†)..........
#.#..#...........
#.....#...........
....##.#......<....
#.##.##.##..........
... #.##......÷..#...


You could see a worm, a dart slug and an orc.

Vanquished Creatures
  4 adders
  3 worms
  2 dart slugs (D:1)
  3 leopard geckos
  3 orcs
  A ball python (D:2)
  7 giant cockroaches
  7 goblins
  8 hobgoblins
  2 quokkas (D:2)
  6 bats
  5 frilled lizards
  7 kobolds
  12 rats
70 creatures vanquished.

Notes
Turn   | Place    | Note
-------+----------+-------------------------------------------
     0 | D:1      | Gordogan the Gnoll Wanderer began the quest for the Orb.
     0 | D:1      | Gordogan set off with the following items: a +2 hand
                  | crossbow, 29 bolts, a +0 ring mail, a ration; and the
                  | following spells available to memorise: Corpse Rot,
                  | Sublimation of Blood
     0 | D:1      | Reached XP level 1. HP: 17/17 MP: 2/2
   170 | D:1      | Reached XP level 2. HP: 21/23 MP: 3/3
   636 | D:1      | Reached XP level 3. HP: 19/28 MP: 4/4
  1224 | D:2      | Found a hide-covered altar of Uskayaw.
  1225 | D:2      | Noticed a +0 dagger
  1226 | D:2      | Noticed a +0 dagger
  1241 | D:2      | Reached skill level 1 in Invocations
  1393 | D:2      | Reached skill level 1 in Short Blades
  1393 | D:2      | Reached skill level 1 in Long Blades
  1393 | D:2      | Reached skill level 1 in Axes
  1393 | D:2      | Reached skill level 1 in Maces & Flails
  1393 | D:2      | Reached skill level 1 in Polearms
  1393 | D:2      | Reached skill level 1 in Staves
  1393 | D:2      | Reached skill level 1 in Slings
  1393 | D:2      | Reached skill level 1 in Bows
  1393 | D:2      | Reached skill level 1 in Dodging
  1393 | D:2      | Reached skill level 1 in Stealth
  1393 | D:2      | Reached skill level 1 in Shields
  1393 | D:2      | Reached skill level 1 in Unarmed Combat
  1393 | D:2      | Reached skill level 1 in Spellcasting
  1401 | D:2      | Reached XP level 4. HP: 27/34 MP: 4/6
  1715 | D:2      | Found an opulent altar of Gozag.
  1811 | D:2      | Found a glowing silver altar of Zin.
  1825 | D:2      | Reached skill level 1 in Hexes
  1825 | D:2      | Reached skill level 1 in Charms
  1825 | D:2      | Reached skill level 1 in Summonings
  1825 | D:2      | Reached skill level 1 in Translocations
  1825 | D:2      | Reached skill level 1 in Transmutations
  1825 | D:2      | Reached skill level 1 in Fire Magic
  1825 | D:2      | Reached skill level 1 in Ice Magic
  1825 | D:2      | Reached skill level 1 in Air Magic
  1825 | D:2      | Reached skill level 1 in Earth Magic
  1825 | D:2      | Reached skill level 1 in Poison Magic
  2134 | D:3      | Reached XP level 5. HP: 30/40 MP: 7/7
  2165 | D:3      | Slain by a worm

Skill      XL: |  1  2  3  4 |
---------------+-------------+-----
Invocations    | 1 |  1.4
Short Blades   | 1 |  1.3
Long Blades    | 1 |  1.3
Axes           | 1 |  1.3
Maces & Flails | 1 |  1.3
Polearms       | 1 |  1.3
Staves         | 1 |  1.3
Slings         | 1 |  1.3
Bows           | 1 |  1.3
Dodging        | 1 |  1.3
Stealth        | 1 |  1.3
Shields        | 1 |  1.3
Unarmed Combat | 1 |  1.3
Spellcasting   | 1 |  1.3
Hexes          | 1 |  1.0
Charms         | 1 |  1.0
Summonings     | 1 |  1.0
Translocations | 1 |  1.0
Transmutations | 1 |  1.0
Fire Magic     | 1 |  1.0
Ice Magic      | 1 |  1.0
Air Magic      | 1 |  1.0
Earth Magic    | 1 |  1.0
Poison Magic   | 1 |  1.0
Fighting       | |  2.8
Crossbows      | |  2.8
Throwing       | |  2.8
Armour         | |  2.8
Conjurations   | |  3.9
Necromancy     | |  5.5
Evocations     | |  2.8

Action                   |  1- 3 |  4- 6 || total
-------------------------+-------+-------++-------
Melee: Dagger            |   131 |    58 ||   189
       Bite              |    14 |    12 ||    26
       Staff             |       |    42 ||    42
 Fire: Hand crossbow     |    36 |       ||    36
  Use: Scroll            |     2 |       ||     2
  Eat: Chunk             |     2 |     2 ||     4
Armor: Ring mail         |     3 |       ||     3
       Chain mail        |    92 |    98 ||   190
Dodge: Dodged            |    52 |    60 ||   112
